 Dungeon Crawl Stone Soup version 0.19-a0-1895-g783e625 (webtiles) character file.

957 Kidiri the Magician (level 7, -3/42 HPs)
             Began as a High Elf Fire Elementalist on Oct 18, 2016.
             Was a Follower of Vehumet.
             Engulfed by a cloud of flame (22 damage)
             ... on level 5 of the Dungeon.
             The game lasted 00:19:57 (5929 turns).

Kidiri the Magician (High Elf Fire Elementalist)    Turns: 5929, Time: 00:19:59

Health: -3/42      AC:  8    Str:  7    XL:     7   Next: 91%
Magic:  0/18       EV: 13    Int: 21    God:    Vehumet [*.....]
Gold:   391        SH:  0    Dex: 23    Spells: 7 memorised, 1 level left

rFire  . . .     SeeInvis .     B - +4 hand axe of Spite {venom, Dex+3}
rCold  . . .     Gourm    .     r - +2 robe {MR+}
rNeg   . . .     Faith    .     (no shield)
rPois  .         Spirit   .     (no helmet)
rElec  .         Reflect  .     s - +0 cloak
rCorr  .         Harm     .     f - +0 pair of gloves
MR     +....                    p - +1 pair of boots
Stlth  +++.......               (no amulet)
                                y - +5 ring of slaying
                                q - +4 ring of dexterity

@: no status effects
A: no striking features
a: Renounce Religion


You were on level 5 of the Dungeon.
You worshipped Vehumet.
Vehumet was aware of your devotion.
You were not hungry.

You visited 2 branches of the dungeon, and saw 6 of its levels.

You collected 391 gold pieces.

Inventory:

Hand Weapons
 i - a +3 dagger of venom
 B - the +4 hand axe of Spite (weapon) {venom, Dex+3}
   (You found it on level 5 of the Dungeon)

   It poisons the flesh of those it strikes.
   It affects your dexterity (+3).
Armour
 f - a +0 pair of gloves (worn)
 p - a +1 pair of boots (worn)
 r - a +2 robe of magic resistance (worn)
 s - a +0 cloak (worn)
Jewellery
 q - a +4 ring of dexterity (left hand)
 y - a +5 ring of slaying (right hand)
Wands
 t - a wand of teleportation (7/9)
Scrolls
 l - 3 scrolls of noise
 n - 2 scrolls of amnesia
 u - 2 scrolls of remove curse
 w - 3 scrolls of recharging
 x - a scroll of teleportation {unknown}
Potions
 a - 3 potions of curing
 e - a potion of agility
 g - 3 potions of brilliance {unknown}
 h - a potion of degeneration {unknown}
 m - 2 potions of heal wounds {unknown}
 o - a potion of flight {unknown}
 A - a potion of might {unknown}
Books
 b - a book of Flames

   Spells                             Type                      Level
   a - Flame Tongue                   Conjuration/Fire             1
   b - Throw Flame                    Conjuration/Fire             2
   c - Conjure Flame                  Conjuration/Fire             3
   d - Inner Flame                    Hexes/Fire                   3
   e - Sticky Flame                   Conjuration/Fire             4
   f - Fireball                       Conjuration/Fire             5
Comestibles
 c - 4 bread rations
 d - a beef jerky
 j - 2 slices of pizza
 k - 5 meat rations
 v - 5 chunks of flesh
 z - a royal jelly


   Skills:
 + Level 0.8 Fighting
 + Level 1.4 Short Blades
 + Level 0.8 Armour
 + Level 2.5 Dodging
 - Level 2.1 Stealth
 * Level 7.2 Spellcasting
 + Level 4.6 Conjurations
 + Level 5.1 Fire Magic
 + Level 0.2 Earth Magic
 + Level 0.6 Evocations


You had one spell level left.
You knew the following spells:

 Your Spells              Type           Power        Failure   Level  Hunger
a - Flame Tongue          Conj/Fire      ####.        1%          1    None
b - Throw Flame           Conj/Fire      ####..       1%          2    None
c - Conjure Flame         Conj/Fire      ####....     3%          3    None
d - Inner Flame           Hex/Fire       ###.....     12%         3    None
e - Sticky Flame          Conj/Fire      ####....     14%         4    ###....
f - Fireball              Conj/Fire      ####......   34%         5    #####..
g - Sandblast             Erth           #.....       10%         1    None


Dungeon Overview and Level Annotations

Branches:
Dungeon (5/15)             Temple (1/1) D:4

Altars:
Ashenzari
Dithmenos
Elyvilon
Fedhas
Gozag
Hepliaklqana
Kikubaaqudgha
Makhleb
Okawaru
Qazlal
Ru
Sif Muna
Trog
Vehumet
Yredelemnul
The Shining One


Message History

Press: ? - help, Shift-Dir - straight line, f - orc wizard
Aim: an orc wizard, wielding a dagger of venom and wearing a robe (inner flame)
The flame tongue hits the orc wizard.
The orc wizard is moderately wounded.
The orc wizard drinks a potion.
The orc wizard seems to speed up.
Casting: Flame Tongue
Confirm with . or Enter, or press ? or * to list all spells.
Aiming: Flame Tongue
Press: ? - help, Shift-Dir - straight line, f/p - orc wizard
Aim: an orc wizard, wielding a dagger of venom and wearing a robe (moderately wounded, fast, inner flame)
The flame tongue hits the orc wizard.
The orc wizard is heavily wounded.
You slash the orc wizard!
The orc wizard explodes!
The fiery explosion engulfs you!
Ouch! That really hurt!
Vehumet accepts your kill.
You are engulfed in roaring flames.
Ouch! That really hurt!
You die...

#........÷...............#
........[###).......[...#
....#.........#####)#.##
##..#...##.###.####.#.#
#..#.#....# #......#.#
#...###.#.# #<###..#.#
#..## ##.#...## #..#.#
####...###.###.#####..#.#
#.......#@# #.#......#.#
#.##..##§## # #.###..#.#
..#....##§# .#. #....##
#.#.###.##.#
.....###..#... . #
#....))..............##
#(#.#§#.#.#.#.#....#.#
#.............#......# ...
⌠%..[o⌠...#......#
........._..........##.#


There were no monsters in sight!

Vanquished Creatures
  3 ogres (D:4)
  Blork the orc (D:5)
  A howler monkey (D:4)
  A hound (D:4)
  2 orc priests
  Crazy Yiuf (D:2)
  A centaur skeleton (D:5)
  2 orc wizards (D:5)
  3 worker ants
  Natasha (thrice) (D:2)
  7 gnolls
  5 adders
  2 oozes
  An adder zombie (D:5)
  3 worms
  4 dart slugs
  4 leopard geckos
  13 orcs
  3 ball pythons
  7 bats
  6 giant cockroaches
  10 goblins
  11 hobgoblins
  4 jackals (D:1)
  6 kobolds
  2 quokkas
  2 frilled lizards
  A giant cockroach zombie (D:4)
  A jackal skeleton (D:4)
  5 rats
115 creatures vanquished.

Notes
Turn   | Place    | Note
-------+----------+-------------------------------------------
     0 | D:1      | Kidiri the High Elf Fire Elementalist began the quest for the Orb.
     0 | D:1      | Reached XP level 1. HP: 11/11 MP: 4/4
   470 | D:1      | Reached XP level 2. HP: 17/17 MP: 4/6
   474 | D:1      | Learned a level 2 spell: Throw Flame
   555 | D:1      | Reached skill level 3 in Spellcasting
  1171 | D:1      | Reached XP level 3. HP: 21/21 MP: 4/8
  1181 | D:1      | Learned a level 3 spell: Conjure Flame
  1864 | D:1      | Learned a level 3 spell: Inner Flame
  2340 | D:2      | Reached XP level 4. HP: 27/27 MP: 1/10
  2438 | D:2      | Reached skill level 4 in Spellcasting
  2454 | D:2      | Found a burning altar of Makhleb.
  2457 | D:2      | Found a shattered altar of Ashenzari.
  2460 | D:2      | Found a sacrificial altar of Ru.
  2620 | D:2      | Noticed Natasha
  2628 | D:2      | Killed Natasha
  2894 | D:2      | Noticed Natasha
  2906 | D:2      | Killed Natasha
  3079 | D:2      | Found a runed door.
  3083 | D:2      | Noticed Crazy Yiuf
  3095 | D:2      | Killed Crazy Yiuf
  3095 | D:2      | Reached XP level 5. HP: 31/31 MP: 0/13
  3101 | D:2      | Learned a level 4 spell: Sticky Flame
  3243 | D:2      | Noticed Natasha
  3245 | D:2      | Killed Natasha
  3454 | D:3      | Reached skill level 5 in Spellcasting
  3923 | D:3      | Found a blossoming altar of Fedhas.
  3923 | D:3      | Found a stormy altar of Qazlal.
  3951 | D:3      | Reached XP level 6. HP: 33/36 MP: 11/15
  4539 | D:4      | Found a bloodstained altar of Trog.
  4590 | D:4      | Found a staircase to the Ecumenical Temple.
  4599 | Temple   | Entered the Ecumenical Temple
  4696 | Temple   | Became a worshipper of Vehumet
  4824 | D:4      | Reached skill level 6 in Spellcasting
  4934 | D:4      | Reached XP level 7. HP: 24/41 MP: 1/17
  5069 | D:4      | Learned a level 5 spell: Fireball
  5337 | D:5      | Entered Level 5 of the Dungeon
  5388 | D:5      | Got a faintly glowing hand axe
  5389 | D:5      | Identified the +4 hand axe of Spite {venom, Dex+3} (You found it on level 5 of the Dungeon)
  5457 | D:5      | Found a white marble altar of Elyvilon.
  5519 | D:5      | Reached skill level 7 in Spellcasting
  5549 | D:5      | Noticed Blork the orc
  5744 | D:5      | Killed Blork the orc
  5755 | D:5      | Reached skill level 1 in Short Blades
  5852 | D:5      | Reached * piety under Vehumet
  5852 | D:5      | Offered knowledge of Sandblast by Vehumet.
  5855 | D:5      | Learned a level 1 spell: Sandblast
  5883 | D:5      | Reached skill level 5 in Fire Magic
  5929 | D:5      | Engulfed by a cloud of flame

Vault maps used:
D:1:      moated_graveyard_arrival
D:2:      grunt_temple_overflow_diamond, uniq_natasha, uniq_crazy_yiuf_cottage
D:3:      grunt_temple_overflow_forces_of_nature
D:4:      first_bread, trog_three_pillars_becter
D:5:      elyvilon_altar_5, uniq_blork_the_orc
Temple:   compressed_dpeg_circular_temple

Skill      XL: |  1  2  3  4  5  6  7 |
---------------+----------------------+-----
Spellcasting   | 3 4 5 6 7 |  7.2
Conjurations   | 2 3 4 |  4.6
Fire Magic     | 4 5 |  5.1
Short Blades   | 1 |  1.4
Fighting       | |  0.8
Armour         | |  0.8
Dodging        | |  2.5
Stealth        | |  2.1
Earth Magic    | |  0.2
Evocations     | |  0.6

Action                   |  1- 3 |  4- 6 |  7- 9 || total
-------------------------+-------+-------+-------++-------
Melee: Dagger            |    22 |    15 |     5 ||    42
       Hand axe          |       |       |     4 ||     4
 Cast: Flame Tongue      |    59 |    85 |    35 ||   179
       Throw Flame       |    11 |    26 |    12 ||    49
       Conjure Flame     |       |     3 |     4 ||     7
       Inner Flame       |       |     2 |     4 ||     6
       Sticky Flame      |       |     1 |     4 ||     5
  Use: Scroll            |     7 |     2 |     3 ||    12
       Potion            |       |       |     1 ||     1
 Stab: Sleeping          |       |     2 |     3 ||     5
  Eat: Chunk             |     5 |     8 |     4 ||    17
Armor: Robe              |    13 |     8 |    11 ||    32
Dodge: Dodged            |    25 |    35 |    16 ||    76
